 Dungeon Crawl Stone Soup version 0.29.1-debian-1-gc3f1650bb9 (webtiles) character file.

Game seed: 12373255209067191759

1540 IdlyInterested the Trooper (level 8, -3/64 HPs)
             Began as a Demonspawn Wanderer on Sept 12, 2022.
             Slain by an orc warrior
             ... wielding a +0 long sword
              (5 damage)
             ... on level 6 of the Dungeon.
             The game lasted 00:24:47 (7908 turns).

IdlyInterested the Trooper (Demonspawn Wanderer)    Turns: 7908, Time: 00:24:48

Health: -3/64      AC:  8    Str:  8    XL:     8   Next: 56%
Magic:  0/15       EV: 10    Int: 17    God:
Gold:   362        SH: 11    Dex: 16    Spells: 16/17 levels left

rFire   + + +      SeeInvis .   w - +1 falchion
rCold   + . .      Faith    .   c - +2 buckler {rF+}
rNeg    . . .      Spirit   +   v - +0 ring mail {rF+}
rPois   +          Reflect  .   (helmet restricted)
rElec   .          Harm     .   q - scarf {rC+ rF+}
rCorr   .          Rampage  .   (no gloves)
Will    .....                   j - +2 pair of boots
Stlth   +.........              o - amulet of magic regeneration
HPRegen 0.20/turn               p - ring of flight
MPRegen 0.68/turn               u - ring of poison resistance

@: flying
A: antennae 2, large bone plates 1, magic shield, magic regeneration, claws 1,
screaming 1
a: no special abilities


You were on level 6 of the Dungeon.
You visited 2 branches of the dungeon, and saw 7 of its levels.
You also visited: Sewer.

You collected 362 gold pieces.

Inventory:

Hand Weapons
 a - a +0 vorpal dagger
 f - a +0 short sword
 w - a +1 falchion (weapon)
Missiles
 b - 2 curare-tipped darts
 i - 7 poisoned darts (quivered)
 m - 34 stones
Armour
 c - a +2 buckler of fire resistance (worn)
 e - a +0 robe
 j - a +2 pair of boots (worn)
 n - a +0 scale mail
 q - a scarf of resistance (worn)
 r - a +0 leather armour
 v - a +0 ring mail of fire resistance (worn)
Jewellery
 k - a ring of ice
 o - an amulet of magic regeneration (around neck)
 p - a ring of flight (left claw)
 u - a ring of poison resistance (right claw)
 y - an amulet of reflection
Scrolls
 g - a scroll of identify
 h - a scroll of teleportation
 x - a scroll of magic mapping
 B - a scroll of enchant armour
Potions
 d - a potion of mutation
 t - a potion of resistance
 z - 4 potions of flight
 D - a potion of lignification


   Skills:
 * Level 5.9 Fighting
 - Level 2.6 Throwing
 - Level 1.0 Armour
 - Level 2.0 Dodging
 - Level 1.0 Stealth
 + Level 5.0 Shields
 - Level 5.0 Spellcasting
 - Level 2.0 Conjurations
 - Level 2.0 Fire Magic
 - Level 1.2 Invocations
 * Level 2.0 Evocations


You had 16 spell levels left.
You knew the following spells:

 Your Spells              Type           Power      Damage    Failure   Level
a - Foxfire               Conj/Fire      44%        2x1d6     24%         1

Your spell library contained the following spells:

 Spells                   Type           Power      Damage    Failure   Level
 Magic Dart               Conj           44%        1d5       24%         1
 Searing Ray              Conj           22%        2d5       36%         2
 Kindle Blastsparks       Fire/Tloc/Air  12%        2d11      78%         3
 Gell's Gravitas          Tloc           4%         N/A       86%         3
 Teleport Other           Tloc           4%         N/A       86%         3
 Fulminant Prism          Conj/Hex       3%         3d6       98%         4
 Iskenderun's Mystic Bla  Conj/Tloc      7%         2d4       98%         4
 Lee's Rapid Deconstruct  Erth           2%         3d5*      100%        5
 Dispersal                Tloc           2%         N/A       100%        6


Dungeon Overview and Level Annotations

Branches:
Dungeon (6/15)             Temple (1/1) D:5           Sewer (visited)

Altars:
Ashenzari
Cheibriados
Dithmenos
Kikubaaqudgha
Makhleb
Nemelex Xobeh
Okawaru
Ru
Sif Muna
Uskayaw
Vehumet
Wu Jian
Xom
Yredelemnul

Shops:
D:4 *


Innate Abilities, Weirdness & Mutations

You have a pair of antennae on your head.
You are partially covered in large bone plates. (SH +4)
When hurt, damage is shared between your health and your magic reserves.
You regenerate magic rapidly.
You have sharp fingernails.
You occasionally shout uncontrollably at your foes.


Message History

Aim: an orc warrior, wielding a +0 long sword and wearing a +0 chain mail (chance to affect: 54%)
The orc warrior resists with significant effort.
The now-empty wand crumbles to dust.
The orc barely misses you. You block the orc warrior's attack.
Okay, then.
You hit the orc warrior but do no damage.
The orc hits you with a +0 flail.
* * * LOW HITPOINT WARNING * * *
The orc warrior completely misses you.
You hit the orc warrior.
The orc warrior is lightly wounded.
You block the orc's attack. The orc warrior barely misses you.
The orc barely misses you.
You completely miss the orc warrior.
The orc warrior is lightly wounded.
You block the orc warrior's attack. The orc hits you with a +0 flail.
* * * LOW HITPOINT WARNING * * *
The orc warrior hits you but does no damage.
You hit the orc warrior.
The orc warrior is lightly wounded.
You block the orc's attack.
The orc warrior hits you with a +0 long sword.
* * * LOW HITPOINT WARNING * * *
You hit the orc warrior.
The orc warrior is moderately wounded.
You block the orc's attack. You block the orc warrior's attack.
The orc barely misses you.
Unknown command.
You hit the orc warrior but do no damage.
The orc warrior is moderately wounded.
The orc warrior completely misses you. The orc barely misses you.
You block the orc warrior's attack.
You closely miss the orc warrior.
The orc warrior is moderately wounded.
You block the orc's attack. The orc warrior barely misses you.
You closely miss the orc warrior.
The orc warrior is moderately wounded.
You block the orc's attack.
The orc warrior hits you with a +0 long sword!
You die...

#...
###.#
#...###.#
#.#.....#
#)#.#####
#.#<..#
#o#.#.#
#o#.{)#
#@#####
#o# #o#
#.# #.#
#.# #.#
#.# #.#


You could see an orc warrior and 3 orcs.

Vanquished Creatures
  Sigmund (D:5)
  Menkaure (D:4)
  2 water moccasins (D:4)
  An ogre (D:5)
  2 phantoms (D:5)
  A necrophage (D:4)
  A bullfrog (D:6)
  A scorpion (D:5)
  2 hounds
  3 orc wizards
  Natasha (thrice) (D:4)
  3 iguanas
  5 gnolls
  4 river rats (Sewer)
  12 adders
  An ufetubus (D:5)
  3 worms
  3 dart slugs
  14 orcs
  12 bats
  7 endoplasms
  6 giant cockroaches
  4 goblins
  8 hobgoblins
  5 jackals
  4 quokkas
  13 ball pythons
  6 frilled lizards
  2 kobolds
  8 rats
138 creatures vanquished.

Vanquished Creatures (collateral kills)
  A gnoll (D:5)
1 creature vanquished.

Vanquished Creatures (others)
  An angel (D:4)
  An orc priest (D:4)
  A gnoll (D:5)
3 creatures vanquished.

Grand Total: 142 creatures vanquished

Notes
Turn   | Place    | Note
-------+----------+-------------------------------------------
     0 | D:1      | IdlyInterested the Demonspawn Wanderer began the quest for
                  | the Orb.
     0 | D:1      | IdlyInterested set off with the following items: a +0
                  | vorpal dagger, 3 curare-tipped darts, a +0 helmet, a potion
                  | of mutation, a +0 robe; and the following spell memorised:
                  | Foxfire; and the following spells available to memorise:
                  | Kindle Blastsparks.
     0 | D:1      | Reached XP level 1. HP: 15/15 MP: 2/2
   478 | D:1      | Found a faded altar of an unknown god.
   481 | D:1      | Reached skill level 1 in Dodging
   481 | D:1      | Gained mutation: You are partially covered in large bone
                  | plates. (SH +4) [demonic ancestry]
   481 | D:1      | Reached XP level 2. HP: 21/21 MP: 3/3
  1246 | D:2      | Gained mutation: You have a pair of small antennae on your
                  | head. [demonic ancestry]
  1246 | D:2      | Reached XP level 3. HP: 25/27 MP: 4/4
  1820 | D:2      | Reached XP level 4. HP: 34/34 MP: 7/7
  2356 | D:3      | Identified a scroll of acquirement
  2356 | D:3      | Acquired a +1 buckler of fire resistance
  2547 | D:3      | Found a faded altar of an unknown god.
  2551 | D:3      | Found a shadowy altar of Dithmenos.
  2829 | D:3      | Reached skill level 1 in Shields
  3317 | D:3      | Gained mutation: You occasionally shout uncontrollably at
                  | your foes. [potion of mutation]
  3317 | D:3      | Gained mutation: You have sharp fingernails. [potion of
                  | mutation]
  3352 | D:4      | Found a glowing drain.
  3352 | D:4      | Noticed Menkaure
  3358 | D:4      | Gained mutation: You have a pair of antennae on your head.
                  | [demonic ancestry]
  3358 | D:4      | Reached XP level 5. HP: 18/41 MP: 8/8
  3363 | D:4      | Killed Menkaure
  3374 | Sewer    | Entered a sewer
  3681 | Sewer    | Gained mutation: You regenerate magic rapidly. [demonic
                  | ancestry]
  3681 | Sewer    | Reached XP level 6. HP: 47/47 MP: 10/10
  5484 | D:4      | Found Echusaxt's Serpentskin Sales.
  5484 | D:4      | Noticed a water moccasin
  5484 | D:4      | Noticed a water moccasin
  5489 | D:4      | Killed a water moccasin
  5490 | D:4      | Reached XP level 7. HP: 54/54 MP: 10/12
  5554 | D:4      | Noticed Natasha
  5571 | D:4      | Killed Natasha
  5706 | D:4      | Noticed Natasha
  5723 | D:4      | Killed Natasha
  5773 | D:4      | Noticed Natasha
  5788 | D:4      | Killed Natasha
  6056 | D:4      | Found a shimmering altar of Xom.
  6057 | D:4      | Noticed an angel
  6083 | D:4      | Reached skill level 5 in Fighting
  6083 | D:4      | Reached skill level 1 in Evocations
  6151 | D:4      | Killed an angel
  6155 | D:4      | Found a hide-covered altar of Uskayaw.
  6155 | D:4      | Found a radiant altar of Vehumet.
  6253 | D:5      | Entered Level 5 of the Dungeon
  6303 | D:5      | Found a staircase to the Ecumenical Temple.
  6421 | D:5      | Gained mutation: When hurt, damage is shared between your
                  | health and your magic reserves. [demonic ancestry]
  6421 | D:5      | Reached XP level 8. HP: 18/62 MP: 14/14
  6738 | Temple   | Entered the Ecumenical Temple
  6853 | D:5      | Noticed Sigmund
  6863 | D:5      | Killed Sigmund
  6864 | D:5      | Reached skill level 1 in Conjurations
  7323 | D:5      | Reached skill level 5 in Spellcasting
  7898 | D:6      | Reached skill level 5 in Shields
  7901 | D:6      | HP: 3/64 [orc/+0 flail (2)]
  7903 | D:6      | HP: 1/64 [orc/+0 flail (2)]
  7908 | D:6      | Slain by an orc warrior

Illustrated notes

Levels and vault maps discovered:
D:1:      amcnicky_arrival_single_pillar, layout_loops_corners,
          ebering_ecumenical_altar_mist
D:2:      layout_basic
D:3:      layout_basic, nicolae_overflow_ecumenical_swirl, grunt_decor_junction
D:4:      layout_loops_ring, grunt_temple_overflow_order_and_chaos_1,
          gammafunk_temple_overflow_pools, serial_glass, glass_columns_c,
          glass_columns_c, cheibrodos_sewer_entry_drain, guppyfry_shop_venom,
          uniq_natasha, uniq_menkaure
D:5:      layout_loops_ring, minmay_temple_entry_stoned_glass, uniq_sigmund
D:6:      layout_basic, gammafunk_temple_overflow_elements,
          gammafunk_ghost_abyssal_escape
Temple:   jpeg_temple_clearing

Skill      XL: |  1  2  3  4  5  6  7  8 |
---------------+-------------------------+-----
Dodging        | 1 2 |  2.0
Fighting       | 2 3 4 5 |  5.9
Spellcasting   | 2 3 4 5 |  5.0
Shields        | 1 2 3 4 5 |  5.0
Evocations     | 2 |  2.0
Conjurations   | 2 |  2.0
Fire Magic     | 2 |  2.0
Throwing       | |  2.6
Armour         | |  1.0
Stealth        | |  1.0
Invocations    | |  1.2

Action                   |  1- 3 |  4- 6 |  7- 9 || total
-------------------------+-------+-------+-------++-------
Melee: Dagger            |   141 |   439 |   282 ||   862
       Punch             |     1 |       |       ||     1
       Falchion          |       |       |    48 ||    48
Throw: Dart              |     6 |       |     4 ||    10
Evoke: Wand              |       |     1 |     3 ||     4
  Use: Scroll            |       |    12 |     4 ||    16
       Potion            |       |     5 |     2 ||     7
 Stab: Sleeping          |     4 |     1 |       ||     5
Armor: Robe              |    17 |       |       ||    17
       Ring mail         |    29 |   127 |    63 ||   219
       Scale mail        |       |     5 |    13 ||    18
Dodge: Dodged            |    73 |   169 |    84 ||   326
Block: Buckler           |    34 |   229 |   223 ||   486
       Reflection        |       |     1 |     8 ||     9
